Map: Golden Wall LE

Players

Serral

  • Race: Zerg Zerg
  • League: Master
  • Spawn Location: 7:00

Lambo - Winner!

  • Race: Zerg Zerg
  • League: Grandmaster
  • Spawn Location: 5:00

Event: DreamHack SC2 Masters 2020 Summer Europe

VOD

Have the link to the VOD?

Description

Time

  • Played on: July 3, 2020, 1:03 p.m.
  • Length: 8:04

All games in this series

Show
View Real Time Build Order
Export as new Build Order

Serral Zerg 

Build Orders: Hatch First 

Get SALT Encoding   

  12  0:00  Drone  
  13  0:13  Overlord  
  13  0:18  Drone  
  14  0:32  Drone x2  
  16  0:49  Hatchery  
  15  0:52  Drone  
  15  0:56  Drone  
  17  0:59  Drone  
  18  1:10  Extractor  
  17  1:16  Spawning Pool  
  17  1:18  Drone  
  17  1:21  Drone  
  18  1:29  Drone  
  19  1:40  Drone  
  20  1:50  Drone  
  21  2:01  Overlord  
  21  2:02  Queen x2  
  21  2:03  Zergling x2  
  26  2:16  Drone x2  
  28  2:23  Drone x2  
  30  2:38  Overlord, Queen  
  30  2:40  Drone  
  30  2:42  Lair  
  33  2:45  Evolution Chamber, Drone  
  33  2:47  Drone  
  34  2:56  Drone x2  
  35  3:04  Roach Warren  
  34  3:06  Drone x2  
  34  3:11  Zerg Missile Weapons Level 1  
  34  3:12  Drone  
  37  3:15  Drone  
  37  3:17  Drone  
  39  3:20  Drone  
  39  3:21  Drone  
  39  3:25  Overlord  
  41  3:27  Drone  
  41  3:29  Drone  
  41  3:32  Drone  
  41  3:33  Extractor x2  
  42  3:36  Drone  
  43  3:43  Glial Reconstitution  
  43  3:44  Drone x3  
  43  3:47  Overseer  
  43  3:48  Drone  
  47  3:50  Drone  
  47  3:53  Overlord  
  48  3:56  Overlord  
  48  4:00  Roach  
  50  4:10  Hatchery  
  50  4:14  Roach  
  51  4:17  Roach  
  51  4:18  Roach  
  51  4:23  Roach x2  
  59  4:28  Overlord  
  59  4:30  Roach  
  61  4:35  Roach  
  61  4:36  Roach  
  65  4:42  Roach  
  65  4:44  Overlord x2  
  67  4:49  Roach x2  
  71  4:54  Roach  
  71  4:55  Roach  
  71  4:58  Overlord  
  75  5:04  Overlord  
  75  5:05  Roach x2  
  79  5:13  Zerg Missile Weapons Level 2  
  79  5:16  Roach  
  81  5:21  Overlord  
  81  5:25  Roach  
  81  5:28  Roach  
  85  5:31  Roach  
  85  5:32  Roach  
  87  5:39  Roach x2  
  87  5:40  Roach  
  89  5:44  Roach x2  
  85  5:51  Roach x3  
  85  5:54  Ravager  
  85  5:56  Roach  
  94  6:00  Roach x2  
  98  6:09  Roach x3  
  95  6:15  Roach x2  
  84  6:23  Roach x2  
  84  6:24  Roach  
  76  6:29  Roach  
  76  6:31  Queen x2  
  76  6:32  Roach, Zergling x4  
  80  6:36  Queen  
  80  6:43  Roach x2  
  80  6:44  Roach  
  84  6:50  Roach x2, Zergling x2  
  87  6:56  Ravager  
  87  7:01  Roach x2  
  92  7:07  Roach  
  92  7:12  Roach x2, Zergling x4  
  96  7:17  Roach x2  
  96  7:22  Roach  
  102  7:26  Roach  
  104  7:33  Roach x2  
  106  7:42  Roach x4  
  96  7:44  Zergling x10  
  96  7:47  Zergling x2  
Show
View Real Time Build Order
Export as new Build Order

Lambo Zerg - Winner!

Build Orders: Hatch First 

Get SALT Encoding   

  12  0:00  Drone  
  13  0:12  Overlord  
  13  0:17  Drone  
  14  0:31  Drone x2  
  16  0:49  Hatchery  
  15  0:53  Drone  
  15  0:57  Drone  
  17  1:01  Drone  
  18  1:10  Extractor  
  17  1:14  Spawning Pool  
  16  1:18  Drone  
  16  1:22  Drone  
  18  1:28  Drone  
  19  1:38  Drone  
  20  1:49  Drone  
  21  2:01  Drone, Queen x2  
  21  2:02  Overlord  
  26  2:11  Drone  
  26  2:12  Drone  
  28  2:21  Drone  
  30  2:22  Drone  
  30  2:32  Drone  
  30  2:33  Drone  
  30  2:37  Queen  
  32  2:38  Evolution Chamber  
  32  2:42  Lair  
  33  2:46  Drone  
  33  2:49  Roach Warren  
  33  2:54  Drone  
  33  2:56  Overlord  
  34  2:59  Drone  
  35  3:05  Drone  
  35  3:06  Zerg Missile Weapons Level 1  
  36  3:14  Drone x4  
  36  3:16  Drone  
  41  3:20  Overlord  
  41  3:23  Drone  
  41  3:25  Drone  
  43  3:27  Drone  
  43  3:30  Extractor  
  43  3:31  Extractor  
  43  3:33  Drone  
  43  3:35  Drone  
  44  3:41  Glial Reconstitution  
  44  3:43  Drone  
  44  3:46  Drone x3  
  48  3:52  Roach x2  
  52  3:57  Overlord  
  52  3:58  Overlord  
  52  4:12  Overlord  
  54  4:17  Hatchery, Roach  
  54  4:20  Roach  
  54  4:21  Roach x2  
  59  4:25  Overlord  
  59  4:32  Roach x3  
  59  4:35  Roach  
  59  4:37  Overlord  
  67  4:44  Roach x2  
  71  4:50  Overlord  
  71  4:51  Roach x2  
  75  4:58  Overlord  
  77  5:00  Roach x2  
  77  5:06  Roach x2  
  83  5:09  Roach  
  83  5:11  Overlord  
  85  5:19  Roach  
  85  5:20  Roach x2  
  91  5:24  Zerg Missile Weapons Level 2  
  91  5:30  Roach x2  
  95  5:37  Roach x2  
  95  5:41  Roach  
  95  5:46  Roach  
  97  5:50  Roach x2  
  102  5:57  Ravager  
  102  6:01  Roach x4  
  110  6:05  Roach x2  
  110  6:07  Overlord  
  108  6:11  Roach x2  
  108  6:15  Roach  
  94  6:19  Roach x2  
  94  6:23  Roach  
  94  6:26  Roach  
  94  6:31  Roach x2  
  94  6:34  Roach  
  94  6:38  Roach, Drone  
  97  6:42  Drone  
  97  6:47  Roach x3  
  102  6:52  Roach  
  102  6:56  Extractor  
  102  6:59  Roach x3  
  107  7:04  Roach  
  107  7:06  Roach  
  108  7:10  Roach x2  
  108  7:13  Roach  
  108  7:15  Queen  
  114  7:18  Overlord  
  116  7:23  Roach x3  
  122  7:31  Overlord  
  122  7:35  Overlord  
  122  7:43  Roach x7  
Tags
 
Add a new tag
Caveats
  • Supply blocks, unpowered buildings, or Contaminate may cause inaccurate times.
  • Supply counts are checked every 10 seconds.